 Dungeon Crawl Stone Soup version 0.18.1-8-gdd0e5ea (webtiles) character file.

143 Lathuz the Chopper (level 5, -4/45 HPs)
             Began as a Minotaur Berserker on May 24, 2016.
             Was a Priest of Trog.
             Slain by Crazy Yiuf
             ... wielding a +2 quarterstaff of chaos
              (6 damage)
             ... on level 3 of the Dungeon.
             The game lasted 00:03:26 (2246 turns).

Lathuz the Chopper (Minotaur Berserker)             Turns: 2246, Time: 00:03:27

Health: -4/45      AC:  2    Str: 21    XL:     5   Next: 4%
Magic:  4/4        EV: 12    Int:  4    God:    Trog [***...]
Gold:   67         SH:  0    Dex: 11    Spells: 0 memorised, 4 levels left

rFire  . . .     SeeInvis .     a - +0 hand axe
rCold  . . .     Gourm    .     b - +0 animal skin
rNeg   . . .     Faith    .     (no shield)
rPois  .         Spirit   .     (helmet restricted)
rElec  .         Dismiss  .     (no cloak)
rCorr  .         Reflect  .     (no gloves)
SustAt .         Harm     .     (no boots)
MR     .....                    (no amulet)
Stlth  +.........               (no ring)
                                (no ring)

@: lethally poisoned (-4 -> -27), drained, not resistant to hostile
enchantments, very unstealthy
A: retaliatory headbutt, horns 2
a: Berserk, Trog's Hand, Burn Spellbooks, Renounce Religion


You were on level 3 of the Dungeon.
You worshipped Trog.
Trog was most pleased with you.
You were not hungry.

You visited 1 branch of the dungeon, and saw 3 of its levels.

You collected 67 gold pieces.

Inventory:

Hand Weapons
 a - a +0 hand axe (weapon)
Missiles
 f - 56 stones (quivered)
Armour
 b - a +0 animal skin (worn)
 s - a +1 chain mail of fire resistance
Jewellery
 r - a +4 amulet of reflection {unknown}
Scrolls
 e - a scroll of recharging {unknown}
 g - 3 scrolls of teleportation {unknown}
 j - a scroll of remove curse {unknown}
 l - a scroll of blinking {unknown}
 n - a scroll of fear {unknown}
 p - a scroll of enchant armour {unknown}
 u - a scroll of identify {unknown}
Potions
 d - 2 potions of lignification {unknown}
 h - a potion of magic {unknown}
 i - 2 potions of curing {unknown}
 k - a potion of berserk rage {unknown}
 q - a potion of agility {unknown}
 t - a potion of haste {unknown}
Comestibles
 c - 5 bread rations
 m - 2 slices of pizza
 o - 9 chunks of flesh


   Skills:
 - Level 3.6(3.2) Fighting
 + Level 7.0(6.6) Axes
 - Level 2.4(2.0) Armour
 - Level 2.1(1.8) Dodging


You had 4 spell levels left.
You didn't know any spells.

Dungeon Overview and Level Annotations

Branches:
Dungeon (3/15)

Altars:
Fedhas
Kikubaaqudgha
Okawaru
Sif Muna
Vehumet

Annotations:
D:3 Crazy Yiuf


Innate Abilities, Weirdness & Mutations

You reflexively headbutt those who attack you in melee.
You have a pair of horns on your head.


Message History

Deactivating autopickup; reactivate with Ctrl-A.
No target in view!
No target in view!
No target in view!
You closely miss something. Something hits you!
You feel drained.
You barely miss something. Your headbutt misses something. Something hits you!
You are lethally poisoned!
You barely miss something. Your headbutt misses something.
You hear the brisk rusting of a very distant drain.
* * * LOW HITPOINT WARNING * * *
You feel sick. Something hits you.
* * * LOW HITPOINT WARNING * * *
You are more poisoned.
You closely miss something.
* * * LOW HITPOINT WARNING * * *
You feel sick.
You hit something but do no damage.
* * * LOW HITPOINT WARNING * * *
You feel sick. Something hits you.
You die...

#....###[#
#....# #.#
♣....♣ #.#
♣♣...♣ #.# ♣♣.♣♣
#.# ♣♣.♣
#.####### ♣.♣♣
#.......# ♣♣.♣
######.## ♣@♣♣
##....# #{#
#....## ...
##.#.## #...#
#..#.# #)..#
###..# ## #####
#.## .## ###.
###.##
..#####....
#########....##
.(.)....##.
..............##


There were no monsters in sight!

Vanquished Creatures
  Terence (D:3)
  An iguana (D:3)
  2 oozes
  2 worms (D:3)
  A dart slug (D:2)
  4 giant geckos
  An orc (D:3)
  6 bats
  3 giant cockroaches
  6 goblins
  8 hobgoblins
  9 jackals
  9 kobolds
  A quokka (D:3)
  5 giant newts
  5 rats
64 creatures vanquished.

Notes
Turn   | Place    | Note
--------------------------------------------------------------
     0 | D:1      | Lathuz the Minotaur Berserker began the quest for the Orb.
     0 | D:1      | Reached XP level 1. HP: 19/19 MP: 0/0
   135 | D:1      | Reached skill level 4 in Axes
   240 | D:1      | Reached XP level 2. HP: 22/26 MP: 1/1
   752 | D:1      | Reached skill level 5 in Axes
   866 | D:1      | Reached XP level 3. HP: 22/31 MP: 2/2
  1169 | D:2      | Reached ** piety under Trog
  1211 | D:2      | Found a blossoming altar of Fedhas.
  1446 | D:2      | Found a faded altar to an unknown god.
  1778 | D:2      | Found a radiant altar of Vehumet.
  1784 | D:2      | Identified Vehumet's Disquisition on Arcane Weapons
  1786 | D:2      | Found an ancient bone altar of Kikubaaqudgha.
  1788 | D:2      | Found a deep blue altar of Sif Muna.
  1845 | D:3      | Reached skill level 6 in Axes
  1845 | D:3      | Reached XP level 4. HP: 39/39 MP: 3/3
  1877 | D:3      | Found an iron altar of Okawaru.
  2078 | D:3      | Noticed Terence
  2084 | D:3      | Killed Terence
  2119 | D:3      | Reached *** piety under Trog
  2187 | D:3      | Reached XP level 5. HP: 45/45 MP: 4/4
  2196 | D:3      | Reached skill level 7 in Axes
  2238 | D:3      | Noticed Crazy Yiuf
  2246 | D:3      | HP: 2/45 [poisoned by Crazy Yiuf]
  2246 | D:3      | Slain by Crazy Yiuf

Skill      XL: |  1  2  3  4  5 |
---------------+----------------+-----
Axes           | 4 5 6 7 |  7.0
Fighting       | |  3.6
Armour         | |  2.4
Dodging        | |  2.1

Action                   |  1- 3 |  4- 6 || total
-------------------------+-------+-------++-------
Melee: Hand axe          |    71 |    47 ||   118
       Headbutt          |    10 |     9 ||    19
Invok: Burn Spellbooks   |     1 |       ||     1
 Stab: Sleeping          |     3 |     1 ||     4
  Eat: Chunk             |     3 |     1 ||     4
Armor: Animal skin       |     8 |     4 ||    12
Dodge: Dodged            |    46 |    23 ||    69
